AoeStats
← j59814362

Fortress

510316994Analyzed
1v1 RM · 3d ago on Sep 30, 2026· 40m 19s· 2 players
Game mode
Random Map
Map size
Small (3 player)
Population
200
Speed
Normal
Resources
Standard
Victory
Conquest
Starting age
Dark Age
Ending age
Imperial Age
RankedLock teamsTeams togetherTeam positionsShared explorationLock speedFull tech treeHidden civsTurbo modeCheats
Victory
Defeat
🇹🇼 Cumans · Taiwan
1236
+16
🇹🇷 Britons · Türkiye
1234
-16
TahRibat
8:24 Feudal Age
12:25 Castle Age
10:57 Double-Bit Axe
11:09 Fletching
12:41 Loom
13:29 Bow Saw
13:35 Gold Mining
19:27 Bodkin Arrow
22:32 Murder Holes
24:09 Yeomen
24:30 Yeomen
24:12 Padded Archer Armor
29:03 Wheelbarrow
28:54 Leather Archer Armor
35:33 Imperial Age
34:23 Gold Shaft Mining
36:14 Hand Cart
36:25 Bracer
35:52 Elite Longbowman
37:58 Two-Man Saw
38:10 Ballistics
38:51 Chemistry
38:00 Bracer
39:14 Ring Archer Armor
39:07 Warwolf
40:35 Forging
40:26 Scale Mail Armor
j59814362
8:06 Feudal Age
8:39 Double-Bit Axe
8:35 Horse Collar
14:44 Castle Age
14:35 Bloodlines
14:22 Gold Mining
16:37 Loom
17:32 Scale Barding Armor
19:53 Chain Barding Armor
19:43 Heavy Plow
21:36 Forging
29:18 Wheelbarrow
33:10 Imperial Age
31:57 Iron Casting
33:49 Elite Steppe Lancer
35:45 Plate Barding Armor
35:31 Light Cavalry
36:56 Conscription
37:37 Hussar
Connection lost

Rejoining the realm…

Still unreachable

The connection could not be restored.

Session expired

The server has moved on; the page needs a fresh start.